 Dungeon Crawl Stone Soup version 0.20.1-1-g8b1a95d (webtiles) character file.

122 vishdafish the Firebug (level 5, -7/38 HPs)
             Began as a Hill Orc Fire Elementalist on July 13, 2017.
             Mangled by a gnoll
             ... wielding a +0 spear
              (10 damage)
             ... on level 3 of the Dungeon.
             The game lasted 00:07:08 (3027 turns).

vishdafish the Firebug (Hill Orc Fire Elementalist) Turns: 3027, Time: 00:07:09

Health: -7/38      AC:  2    Str: 11    XL:     5   Next: 6%
Magic:  3/7        EV: 12    Int: 16    God:
Gold:   110        SH:  4    Dex: 11    Spells: 6/7 levels left

rFire    . . .     SeeInvis .   o - +0 war axe
rCold    . . .     Gourm    .   (no shield)
rNeg     . . .     Faith    .   a - +0 robe
rPois    .         Spirit   .   (no helmet)
rElec    .         Reflect  +   (no cloak)
rCorr    .         Harm     .   (no gloves)
MR       .....                  (no boots)
Stlth    ++........             h - +4 amulet of reflection
Regen    0.2/turn               (no ring)
MPRegen  0.1/turn               (no ring)

@: no status effects
A: no striking features
a: no special abilities


You were on level 3 of the Dungeon.
You were not hungry.

You visited 1 branch of the dungeon, and saw 3 of its levels.

You collected 110 gold pieces.

Inventory:

Hand Weapons
 o - a +0 war axe (weapon)
Armour
 a - a +0 robe (worn)
Jewellery
 h - a +4 amulet of reflection (around neck)
Wands
 k - a wand of disintegration (4/24)
Scrolls
 d - 2 scrolls of magic mapping
 e - a scroll of enchant weapon
 g - 2 scrolls of identify
 i - a scroll of recharging
 n - a scroll of teleportation
Potions
 l - a potion of flight
 m - a potion of curing
Books
 b - a book of Flames

   Spells                             Type                      Level
   a - Flame Tongue                   Conjuration/Fire             1
   b - Throw Flame                    Conjuration/Fire             2
   c - Conjure Flame                  Conjuration/Fire             3
   d - Inner Flame                    Hexes/Fire                   3
   e - Sticky Flame                   Conjuration/Fire             4
   f - Fireball                       Conjuration/Fire             5
Comestibles
 c - 2 bread rations
 j - a royal jelly


   Skills:
 + Level 2.3 Axes
 - Level 1.5 Dodging
 - Level 1.7 Stealth
 - Level 1.6 Spellcasting
 + Level 2.1 Conjurations
 * Level 5.0 Fire Magic


You had 6 spell levels left.
You knew the following spells:

 Your Spells              Type           Power        Failure   Level  Hunger
a - Flame Tongue          Conj/Fire      ##...        4%          1    ##.....


Dungeon Overview and Level Annotations

Branches:
Dungeon (3/15)

Altars:
Makhleb
Ru

Annotations:
D:3 tirato's ghost, amateur DsCK


Message History

Press: ? - help, Shift-Dir - straight line, f/p - gnoll
Aim: a gnoll, wielding a spear (heavily wounded)
The flame tongue hits the gnoll.
The gnoll is severely wounded.
The gnoll hits you but does no damage.
Casting: Flame Tongue
Confirm with . or Enter, or press ? or * to list all spells.
Aiming: Flame Tongue
Press: ? - help, Shift-Dir - straight line, f/p - gnoll
Aim: a gnoll, wielding a spear (severely wounded)
The flame tongue misses the gnoll.
The flame tongue hits the gnoll.
The gnoll appears unharmed.
The gnoll is heavily wounded.
The gnoll hits you from afar with a spear!
* * * LOW HITPOINT WARNING * * *
Casting: Flame Tongue
Confirm with . or Enter, or press ? or * to list all spells.
Okay, then.
The gnoll hits you from afar with a spear!
You die...

################
#..........gg..#
#.############@#
#.# #.####
#....# ####.#
#.# #.# ###
###.###.##
#........#


You could see 2 gnolls.

Vanquished Creatures
  7 gnolls
  An ooze (D:2)
  A worm (D:2)
  A dart slug (D:2)
  A leopard gecko (D:3)
  An orc (D:3)
  2 ball pythons (D:2)
  6 bats
  2 giant cockroaches
  7 goblins
  3 hobgoblins
  7 kobolds
  7 frilled lizards
  3 rats (D:2)
49 creatures vanquished.

Notes
Turn   | Place    | Note
-------+----------+-------------------------------------------
     0 | D:1      | vishdafish the Hill Orc Fire Elementalist began the quest for the Orb.
     0 | D:1      | Reached XP level 1. HP: 14/14 MP: 3/3
   196 | D:1      | Reached XP level 2. HP: 19/20 MP: 4/4
  1026 | D:2      | Reached skill level 4 in Fire Magic
  1061 | D:2      | Reached XP level 3. HP: 5/26 MP: 1/5
  1377 | D:2      | Found a burning altar of Makhleb.
  1493 | D:2      | Reached skill level 1 in Axes
  1676 | D:2      | Found a sacrificial altar of Ru.
  2007 | D:1      | Reached XP level 4. HP: 20/33 MP: 0/6
  2294 | D:3      | Noticed tirato's ghost (amateur DsCK)
  2757 | D:3      | Reached skill level 5 in Fire Magic
  2827 | D:3      | Reached XP level 5. HP: 23/38 MP: 7/7
  3027 | D:3      | Mangled by a gnoll

Skill      XL: |  1  2  3  4 |
---------------+-------------+-----
Fire Magic     | 4 5 |  5.0
Axes           | 1 2 |  2.3
Conjurations   | 2 |  2.1
Dodging        | |  1.5
Stealth        | |  1.7
Spellcasting   | |  1.6

Action                   |  1- 3 |  4- 6 || total
-------------------------+-------+-------++-------
Melee: Unarmed           |     8 |       ||     8
       Hand axe          |    68 |    19 ||    87
       War axe           |       |    10 ||    10
 Cast: Flame Tongue      |    25 |    16 ||    41
Evoke: Wand              |     1 |       ||     1
  Use: Scroll            |     7 |       ||     7
 Stab: Sleeping          |     4 |       ||     4
  Eat: Chunk             |     4 |       ||     4
       Bread ration      |       |     1 ||     1
Armor: Robe              |    16 |     8 ||    24
Dodge: Dodged            |    58 |    34 ||    92
Block: Other             |    17 |    13 ||    30
       Reflection        |       |     1 ||     1
